Map: Terrasses de Prion

Players

Worming - Winner!

  • Race: Zerg Zerg
  • League: Diamond

benzOr

  • Race: Zerg Zerg
  • League: Diamond

VOD

Have the link to the VOD?

Description

Time

  • Played on: Dec. 15, 2015, 12:07 p.m.
  • Length: 6:10
Show
View Real Time Build Order
Export as new Build Order

Worming Zerg - Winner!

Build Orders: Pool First, Zergling Baneling 

Get SALT Encoding   

  12  0:01  Drone  
  13  0:12  Overlord  
  13  0:19  Drone  
  14  0:33  Drone x2  
  14  0:34  Drone  
  17  0:47  Spawning Pool  
  17  0:48  Drone  
  17  0:57  Drone  
  18  1:11  Hatchery  
  18  1:15  Drone  
  18  1:18  Extractor  
  18  1:21  Drone  
  18  1:33  Queen  
  18  1:34  Zergling x2  
  21  1:46  Overlord  
  21  1:49  Drone  
  22  2:05  Drone  
  23  2:09  Queen  
  25  2:22  Drone x2  
  27  2:25  Metabolic Boost  
  27  2:35  Spine Crawler  
  26  2:42  Zergling x12  
  32  2:55  Baneling Nest  
  32  2:56  Zergling x8  
  35  3:07  Overlord  
  35  3:19  Overlord  
  35  3:24  Overlord  
  35  3:25  Zergling x6  
  38  3:41  Zergling x12  
  43  4:09  Baneling x2  
  43  4:13  Baneling  
  43  4:14  Baneling  
  41  4:19  Drone x10  
  50  4:25  Baneling x5  
  46  4:46  Extractor  
  46  4:47  Roach Warren  
  39  4:58  Drone x6  
  42  5:10  Evolution Chamber  
  41  5:17  Hatchery  
  41  5:19  Overlord  
  41  5:26  Roach x5  
  51  5:29  Roach x2  
  55  5:45  Roach x6  
Show
View Real Time Build Order
Export as new Build Order

benzOr Zerg 

Build Orders: Hatch First 

Get SALT Encoding   

  12  0:00  Drone  
  13  0:12  Overlord  
  13  0:20  Drone  
  14  0:31  Drone x2  
  16  0:36  Drone  
  17  0:53  Hatchery  
  17  0:56  Drone  
  17  1:00  Drone  
  18  1:06  Extractor  
  18  1:07  Drone  
  18  1:18  Spawning Pool  
  18  1:24  Drone  
  18  1:31  Drone  
  19  1:41  Drone  
  20  1:51  Overlord  
  20  2:04  Queen  
  22  2:10  Hatchery  
  22  2:12  Queen  
  23  2:24  Zergling x2  
  23  2:25  Zergling x4  
  26  2:51  Roach Warren  
  25  2:56  Drone  
  25  2:57  Drone x3  
  29  3:06  Overlord  
  29  3:14  Overlord  
  29  3:23  Queen  
  31  3:36  Drone x8  
  39  3:44  Extractor  
  39  3:54  Roach x4  
  44  4:06  Roach  
  44  4:07  Roach x2  
  48  4:22  Overlord x3  
  28  4:46  Roach  
  28  4:47  Roach x5  
  40  4:57  Roach  
  42  5:21  Drone x4  
  43  5:22  Drone x2  
  48  5:30  Queen  
  50  5:38  Drone  
  50  5:39  Drone  
  52  5:50  Overlord  
Tags
 
Add a new tag
Caveats
  • Supply blocks, unpowered buildings, or Contaminate may cause inaccurate times.
  • Supply counts are checked every 10 seconds.